[Event "Early-Titled-Tuesday-Blitz-January-30-2024"]
[Site "Chess.com"]
[Date "2024.01.30"]
[Round "4"]
[White "Binary010"]
[Black "HansOnTwitch"]
[Result "0-1"]
[WhiteElo "2908"]
[BlackElo "3207"]
[TimeControl "180+1"]
[EndTime "8:40:01 PST"]
[Termination "HansOnTwitch won by resignation"]

1. e4 c6 2. d4 d5 3. e5 Bf5 4. Nf3 e6 5. Be2 Ne7 6. c3 Nd7 7. O-O h6 8. Na3 a5 9. Nc2 a4 10. Ne3 Bh7 11. Ne1 c5 12. f4 Qb6 13.
Kh1 Be4 14. Bf3 Bxf3 15. Nxf3 g6 16. g4 h5 17. f5 hxg4 18. fxe6 fxe6 19. Nxg4 Nf5 20.
Bf4 Be7 21. Qd2 O-O-O 22. Kg2 Rh5 23. b3 a3 24. Rac1 Kb8 25. c4 dxc4 26. d5 g5 27. Bg3 Nxg3 28. hxg3 exd5 29. Qxd5 cxb3 30. axb3 Qb4 31.
Ne3 g4 32. Nh2 Nf6 33. Qe6 Qd2+ 34. Rf2 Rxh2+ 35. Kxh2 Qxf2+ 0-1

[Event "Early-Titled-Tuesday-Blitz-January-30-2024"]
[Site "Chess.com"]
[Date "2024.01.30"]
[Round "4"]
[White "SaqoChess_Twitch"]
[Black "lacafi"]
[Result "1-0"]
[WhiteElo "2588"]
[BlackElo "2241"]
[TimeControl "180+1"]
[EndTime "8:40:03 PST"]
[Termination "SaqoChess_Twitch won on time"]

1. d4 f5 2. c4 Nf6 3. Nc3 g6 4. Nf3 Bg7 5. g3 O-O 6. Bg2 d6 7. O-O Nc6 8. b3 e5 9. d5 Ne7 10. Ng5 h6 11. Ne6 Bxe6 12. dxe6 Rb8 13. Nd5 c6 14.
Nxf6+ Rxf6 15. Ba3 Rxe6 16. e4 Qc7 17. exf5 gxf5 18. Qc2 Rf8 19. Rad1 c5 20. Rfe1 Kh8 21. Bb2 Nc6 22. Bd5 Ref6 23. f4 Nd4 24. Bxd4 cxd4 25. Qe2 exf4 26. gxf4 Rg6+ 27. Kh1 Rg4 28. Qf3 Qd8 29.
Rg1 Qh4 30. Bxb7 Rxf4 31. Qd5 Rf2 32. Rg2 Rxg2 33. Qxg2 Be5 34. Bd5 Qg4 35. Qxg4 fxg4 36. Kg2 Kg7 37. b4 Kg6 38. b5 Kg5 39. a4 h5 40. a5 h4 41. b6 axb6 42. a6 h3+ 43. Kg1 1-0

[Event "Early-Titled-Tuesday-Blitz-January-30-2024"]
[Site "Chess.com"]
[Date "2024.01.30"]
[Round "4"]
[White "HanSchut"]
[Black "kamilianin235"]
[Result "0-1"]
[WhiteElo "2266"]
[BlackElo "2508"]
[TimeControl "180+1"]
[EndTime "8:40:06 PST"]
[Termination "kamilianin235 won by resignation"]

1. e4 c5 2. Nf3 d6 3. d4 cxd4 4. Nxd4 Nf6 5. f3 e5 6. Bb5+ Nbd7 7. Nf5 d5 8. exd5 a6 9. Ba4 b5 10. Bb3 Nc5 11. Ne3 Bb7 12. Nc3 b4 13. Na4 Nxb3 14. axb3 Nxd5 15. Nxd5 Bxd5 16. Be3 Bc6 17. Nb6 Qxd1+ 18. Rxd1 Rb8 19. O-O Be7 20. Rfe1 f6 21.
Nc4 Kf7 22. Nd6+ Ke6 23. Nc4 Rhd8 24. Kf2 Bb5 25. Ke2 Rdc8 26. Rd2 Bxc4+ 27. bxc4 Rxc4 28. Ra1 Rc6 29. Kd1 Rd8 30. Rxd8 Bxd8 31. Bd2 a5 32. c3 bxc3 33. Bxc3 Rc5 34. Kd2 Bb6 35. b4 axb4 36. Bxb4 Rb5 37. Kc3 Bd4+ 38. Kc4 Rxb4+ 0-1

[Event "Early-Titled-Tuesday-Blitz-January-30-2024"]
[Site "Chess.com"]
[Date "2024.01.30"]
[Round "4"]
[White "RobertJFischer71"]
[Black "NM_Antelacus"]
[Result "1-0"]
[WhiteElo "2551"]
[BlackElo "2240"]
[TimeControl "180+1"]
[EndTime "8:40:06 PST"]
[Termination "RobertJFischer71 won on time"]

1. e4 c5 2. Nf3 Nc6 3. d4 cxd4 4. Nxd4 Nf6 5. Nc3 e5 6. Ndb5 d6 7. Nd5 Nxd5 8. exd5 Nb8 9. a4 Be7 10. Be2 O-O 11.
O-O f5 12. f4 Nd7 13. a5 a6 14. Nc3 Bf6 15. Bd2 exf4 16. Bxf4 Ne5 17. Be3 Ng6 18. Na4 Be5 19. Nb6 Rb8 20. Bd4 Qh4 21. Bxe5 Nxe5 22. c3 Bd7 23. Qd4 Qg5 24. c4 Rbd8 25. b4 f4 26. Kh1 Bg4 27. Bf3 Qh5 28. Ra3 Bxf3 29. gxf3 Qh3 30. Rg1 Rf6 31. Qf2 Rh6 32. Qg2 Qxg2+ 33.
Rxg2 Rh3 34. c5 Nxf3 35. c6 bxc6 36. dxc6 Re8 37. Rf2 Re1+ 38. Kg2 1-0

[Event "Early-Titled-Tuesday-Blitz-January-30-2024"]
[Site "Chess.com"]
[Date "2024.01.30"]
[Round "4"]
[White "GOGIEFF"]
[Black "Yeritsyaan"]
[Result "1-0"]
[WhiteElo "2981"]
[BlackElo "2627"]
[TimeControl "180+1"]
[EndTime "8:40:07 PST"]
[Termination "GOGIEFF won by resignation"]

1. d4 Nf6 2. c4 g6 3. Nc3 Bg7 4. e4 O-O 5. Bg5 d6 6. Bd3 Nfd7 7. Nge2 c5 8. d5 h6 9. Bh4 Ne5 10. f4 Nxd3+ 11. Qxd3 f5 12. e5 dxe5 13. fxe5 Bxe5 14.
Qe3 Bg7 15. Bxe7 Re8 16. Bxd8 Rxe3 17. Bh4 Nd7 18. Bf2 Re8 19. O-O-O b6 20. Nf4 Bxc3 21. bxc3 Kf7 22. Ne6 Re7 23. Nc7 Rb8 24. Bg3 Bb7 25. Nb5 Re2 26. Bxb8 Nxb8 27. Nd6+ Kf6 28. Nxb7 Rxa2 29.
Rhe1 Nd7 30. Re6+ Kg5 31. Rd2 Ra4 32. Nd6 a5 33. Nf7+ Kh5 34. Ne5 Nxe5 35. Rxe5 Rxc4 36. d6 Rxc3+ 37. Kb2 1-0

[Event "Early-Titled-Tuesday-Blitz-January-30-2024"]
[Site "Chess.com"]
[Date "2024.01.30"]
[Round "4"]
[White "MagnusCarlsen"]
[Black "Elsa167"]
[Result "1-0"]
[WhiteElo "3289"]
[BlackElo "2845"]
[TimeControl "180+1"]
[EndTime "8:40:08 PST"]
[Termination "MagnusCarlsen won on time"]

1. e4 e6 2. h4 h6 3. d4 d5 4. Nc3 Bb4 5. e5 c5 6. a3 Bxc3+ 7. bxc3 Ne7 8. Qg4 Qa5 9. Bd2 Rg8 10. Bd3 Nf5 11.
Ne2 Qa4 12. Rb1 c4 13. Bxf5 exf5 14. Qf3 Qxc2 15. Rb5 Be6 16. Nf4 Qe4+ 17. Qxe4 fxe4 18. Nxd5 a6 19. Nc7+ Kd7 20. Rxb7 Kc6 21. Nxe6 Kxb7 22. Nc5+ Kc6 23. Ke2 Nd7 24. Nxd7 Kxd7 25. Ke3 f6 26. Kxe4 fxe5 27. dxe5 h5 28. Be3 Ke6 29. Bg5 Ra7 30.
Rb1 Re8 31. f4 g6 32. Rb6+ Kf7 33. f5 gxf5+ 34. Kxf5 a5 35. Rh6 Kg8 36. Rxh5 Rg7 37. e6 Rf8+ 38. Bf6 a4 39. g4 Rh7 40. Rg5+ 1-0

[Event "Early-Titled-Tuesday-Blitz-January-30-2024"]
[Site "Chess.com"]
[Date "2024.01.30"]
[Round "4"]
[White "NtcPou"]
[Black "TreinadorBR"]
[Result "0-1"]
[WhiteElo "2059"]
[BlackElo "2322"]
[TimeControl "180+1"]
[EndTime "8:40:08 PST"]
[Termination "TreinadorBR won by checkmate"]

1. e4 c5 2. Nf3 d6 3. Bb5+ Bd7 4. Bxd7+ Qxd7 5. c4 g6 6. d4 cxd4 7. Nxd4 Bg7 8. Nc3 Nc6 9. Be3 Nf6 10. f3 O-O 11. O-O Rfc8 12. b3 Nxd4 13. Bxd4 Rc6 14. Rc1 a6 15. Qd3 Rac8 16. Na4 Qc7 17. c5 dxc5 18.
Nxc5 Nd7 19. b4 a5 20. a3 Nxc5 21. Bxc5 axb4 22. axb4 Rd8 23. Qb1 Rd2 24. Be3 Bd4 25. Bxd4 Rxd4 26. Rxc6 Qxc6 27. Rc1 Qb6 28. Rc8+ Rd8+ 29.
Rc5 Rd4 30. Rc8+ Kg7 31. Qb2 f6 32. Qf2 Rd1# 0-1

[Event "Early-Titled-Tuesday-Blitz-January-30-2024"]
[Site "Chess.com"]
[Date "2024.01.30"]
[Round "4"]
[White "LaPiToB"]
[Black "SmirnovTimofey2000"]
[Result "1-0"]
[WhiteElo "2288"]
[BlackElo "1941"]
[TimeControl "180+1"]
[EndTime "8:40:09 PST"]
[Termination "LaPiToB won by resignation"]

1. d4 d5 2. c4 c6 3. Nc3 Nf6 4. e3 e6 5. Nf3 a6 6. Be2 dxc4 7. Bxc4 b5 8. Bd3 c5 9. dxc5 Bxc5 10. O-O O-O 11. Qe2 Bb7 12. Rd1 Qc7 13. a3 Nbd7 14. Nb1 Ne5 15. Nxe5 Qxe5 16. Nc3 Nd5 17. Ne4 Bb6 18.
Ng3 Nf6 19. Rb1 Rfd8 20. b4 Rac8 21. Bb2 Qg5 22. Kh1 Nh5 23. Qxh5 Qd5 24. Qxh7+ Kf8 25. Qxg7+ Ke7 26. Bf6+ Kd7 27. Be4 1-0

[Event "Early-Titled-Tuesday-Blitz-January-30-2024"]
[Site "Chess.com"]
[Date "2024.01.30"]
[Round "4"]
[White "PolandHussars"]
[Black "unclear15"]
[Result "1-0"]
[WhiteElo "2606"]
[BlackElo "2399"]
[TimeControl "180+1"]
[EndTime "8:40:10 PST"]
[Termination "PolandHussars won on time"]

1. e4 e6 2. d4 d5 3. Nc3 dxe4 4. Nxe4 Bd7 5. Bd3 Bc6 6. Nf3 Nd7 7. O-O Ngf6 8. Ng3 Bxf3 9. Qxf3 c6 10. c3 Be7 11.
Re1 O-O 12. Bc2 c5 13. Qxb7 cxd4 14. cxd4 Rc8 15. Bb3 Bb4 16. Rd1 Qa5 17. Qf3 Nb6 18.
a3 Rfd8 19. h3 h6 20. Bxh6 Bf8 21. Bd2 Qb5 22. a4 Qd7 23. Bg5 Nbd5 24. Ne4 Nxe4 25.
Bxd8 Nec3 26. bxc3 Rxc3 27. Rd3 Rxd3 28. Qxd3 Qxd8 29. Rc1 1-0

[Event "Early-Titled-Tuesday-Blitz-January-30-2024"]
[Site "Chess.com"]
[Date "2024.01.30"]
[Round "4"]
[White "GMaka"]
[Black "GoValya"]
[Result "1-0"]
[WhiteElo "2529"]
[BlackElo "2313"]
[TimeControl "180+1"]
[EndTime "8:40:10 PST"]
[Termination "GMaka won by resignation"]

1. d4 d5 2. c4 c6 3. Nf3 g6 4. Nc3 Bg7 5. cxd5 cxd5 6. Qb3 Nf6 7. Bg5 O-O 8. Bxf6 Bxf6 9. Qxd5 Nc6 10. Qxd8 Rxd8 11.
e3 a6 12. Be2 b5 13. O-O Bb7 14. Rfc1 Rac8 15. Ne4 Na5 16. Nxf6+ exf6 17. b3 Nc6 18. a4 b4 19. a5 Rd5 20. e4 Rxa5 21. d5 Rxa1 22. Rxa1 Ne5 23. Nxe5 fxe5 24. Bc4 Kf8 25.
f3 Ke7 26. Ra4 Kd6 27. Rxb4 Rc7 28. Rb6+ Kc5 29. Rf6 Kd4 30. h4 a5 31. d6 Rd7 32.
Bxf7 Kc5 33. Bg8 Rxd6 34. Rxd6 Kxd6 35. Bxh7 Kc5 36. Bxg6 Kb4 37. Bf7 Bc6 38. h5 Ba4 39. bxa4 1-0

[Event "Early-Titled-Tuesday-Blitz-January-30-2024"]
[Site "Chess.com"]
[Date "2024.01.30"]
[Round "4"]
[White "pfalcon1949"]
[Black "Shuvalov"]
[Result "0-1"]
[WhiteElo "1955"]
[BlackElo "2471"]
[TimeControl "180+1"]
[EndTime "8:40:10 PST"]
[Termination "Shuvalov won by checkmate"]

1. e4 e6 2. d4 d5 3. Nc3 Bb4 4. e5 c5 5. a3 Bxc3+ 6. bxc3 Ne7 7. Qg4 Qc7 8. Qxg7 Rg8 9. Qxh7 cxd4 10. Ne2 Nbc6 11.
f4 dxc3 12. Nxc3 a6 13. Qd3 Bd7 14. Rg1 Na5 15. g4 O-O-O 16. Rb1 Rh8 17. h3 Bc6 18. Qd4 Be8 19. Be3 Nac6 20. Qc5 d4 21. Na4 dxe3 22.
Nb6+ Kb8 23. Bxa6 Nd5 24. Nc4 Nc3 25. Rxb7+ Qxb7 26. Bxb7 Rd1# 0-1

[Event "Early-Titled-Tuesday-Blitz-January-30-2024"]
[Site "Chess.com"]
[Date "2024.01.30"]
[Round "4"]
[White "lucliasco"]
[Black "FairChess_on_YouTube"]
[Result "0-1"]
[WhiteElo "2882"]
[BlackElo "3098"]
[TimeControl "180+1"]
[EndTime "8:40:12 PST"]
[Termination "FairChess_on_YouTube won by resignation"]

1. e4 e5 2. Nf3 Nc6 3. Nc3 Nf6 4.
d4 exd4 5. Nxd4 Bb4 6. Nxc6 bxc6 7. Bd3 O-O 8. O-O d5 9. Bd2 Rb8 10. a3 Bd6 11. b4 Re8 12. h3 dxe4 13. Bc4 Be6 14. Qe2 Bxc4 15. Qxc4 Bh2+ 16. Kxh2 Qxd2 17. Ne2 Qd5 18. Qc3 e3 19. fxe3 Qd6+ 20. Kg1 Nd5 21.
Qd4 Nxe3 22. Qxd6 cxd6 23. Rfc1 Re4 24. Ng3 Rd4 25. Nf1 Nc4 26. Rd1 Rxd1 27. Rxd1 Nxa3 28.
Rxd6 Nxc2 29. Rxc6 Nxb4 30. Rc7 Ra8 31. Rb7 a5 32. Nd2 h6 33. Nc4 Nc6 34. Rc7 Nd4 35. Rd7 Nb3 36. Rb7 a4 37. Nb6 Nc5 38. Rc7 Ra6 39.
Nd5 a3 40. Nb4 Rb6 41. Na2 Rb2 42. Nc3 Ne4 0-1

[Event "Early-Titled-Tuesday-Blitz-January-30-2024"]
[Site "Chess.com"]
[Date "2024.01.30"]
[Round "4"]
[White "jeetjain"]
[Black "hasagoodchesser"]
[Result "0-1"]
[WhiteElo "2545"]
[BlackElo "2741"]
[TimeControl "180+1"]
[EndTime "8:40:12 PST"]
[Termination "hasagoodchesser won by resignation"]

1. d4 Nf6 2. Nf3 c6 3. Bf4 g6 4. c3 Bg7 5. Nbd2 d5 6. e3 O-O 7.
h3 Nbd7 8. Bd3 Re8 9. O-O Nf8 10. e4 dxe4 11. Nxe4 Nxe4 12. Bxe4 Qa5 13. Re1 Be6 14. a4 Bd5 15. b4 Qd8 16. Bd3 Bxf3 17. Qxf3 e6 18. b5 Qf6 19. Qg3 Nd7 20. bxc6 bxc6 21. Ba6 h6 22. Bb7 c5 23. Bxa8 Rxa8 24. Qf3 Qd8 25. d5 e5 26. Be3 f5 27. c4 e4 28. Qg3 Bxa1 29. Qxg6+ Bg7 30. Qxf5 Qe7 31. Bxh6 Bxh6 32. Rxe4 Qf7 33. Rg4+ Bg7 34. Qd3 Re8 35. g3 Ne5 0-1

[Event "Early-Titled-Tuesday-Blitz-January-30-2024"]
[Site "Chess.com"]
[Date "2024.01.30"]
[Round "4"]
[White "mac0504"]
[Black "Shushik"]
[Result "1-0"]
[WhiteElo "2732"]
[BlackElo "2528"]
[TimeControl "180+1"]
[EndTime "8:40:12 PST"]
[Termination "mac0504 won by resignation"]

1. c4 Nf6 2. Nc3 e6 3. e4 d5 4.
e5 d4 5. exf6 dxc3 6. bxc3 Qxf6 7. d4 e5 8. Nf3 Nc6 9. Bd3 Bg4 10.
Be4 O-O-O 11. Bg5 Qxg5 12. Nxg5 Bxd1 13. Rxd1 Re8 14. d5 Nd8 15. h4 g6 16. h5 Bc5 17.
Ke2 f5 18. Bc2 e4 19. Ba4 Ref8 20. Ne6 Nxe6 21. dxe6 f4 22. Bd7+ Kb8 23. Rd5 b6 24.
Rxc5 bxc5 25. hxg6 hxg6 26. Rxh8 Rxh8 27. e7 Kb7 28. e8=Q Rxe8 29. Bxe8 g5 30. Bg6 1-0

[Event "Early-Titled-Tuesday-Blitz-January-30-2024"]
[Site "Chess.com"]
[Date "2024.01.30"]
[Round "4"]
[White "noblerone"]
[Black "Sofia_Blokhin"]
[Result "1-0"]
[WhiteElo "2503"]
[BlackElo "2262"]
[TimeControl "180+1"]
[EndTime "8:40:13 PST"]
[Termination "noblerone won by resignation"]

1. e4 c5 2. Nf3 d6 3. Nc3 Nc6 4. Bc4 e6 5. d3 g6 6. Bg5 f6 7. Be3 Bg7 8. h4 Nge7 9. Bb3 b6 10. Qd2 d5 11. exd5 exd5 12. Bh6 Bxh6 13. Qxh6 Nf5 14.
Qd2 Be6 15. O-O-O O-O 16. Ne2 Na5 17. Nf4 Nxb3+ 18. axb3 Bf7 19. g4 Nd6 20. Rde1 Qd7 21. g5 Qg4 22. Nh2 Qf5 23. Ne2 fxg5 24. hxg5 Rfe8 25. Reg1 a5 26. Ng4 Qf3 27. Nf6+ Kf8 28. Nf4 Re5 29. Nd7+ Kg7 30. Nxe5 1-0

[Event "Early-Titled-Tuesday-Blitz-January-30-2024"]
[Site "Chess.com"]
[Date "2024.01.30"]
[Round "4"]
[White "NowInChess"]
[Black "maurovargas01"]
[Result "1-0"]
[WhiteElo "2268"]
[BlackElo "1835"]
[TimeControl "180+1"]
[EndTime "8:40:13 PST"]
[Termination "NowInChess won by checkmate"]

1. e4 d5 2. exd5 Qxd5 3. Nc3 Qa5 4. g3 c6 5. Bg2 Nf6 6. d4 Bg4 7. Ne2 e6 8. h3 Bf5 9. O-O Bd6 10. Bf4 Qc7 11.
Qd2 O-O 12. Rab1 Rd8 13. Qc1 Nbd7 14. Bxd6 Qxd6 15. Na4 e5 16. Rd1 exd4 17. Nxd4 Bg6 18. Nxc6 Qc7 19. Nxd8 Rxd8 20. Nc3 a6 21. Rd2 Re8 22. Qd1 Qb6 23. Rxd7 Nxd7 24. Qxd7 Rd8 25. Qxb7 Qd4 26. Rd1 Qf6 27. Rxd8+ Qxd8 28. Qa8 Qf8 29.
Qxf8+ Kxf8 30. Be4 f5 31. Bd3 Ke7 32. Bxa6 f4 33.
Bd3 Bxd3 34. cxd3 f3 35. Kf1 Kd6 36. Ke1 Kc5 37. Kd2 Kd4 38. a4 h5 39. h4 g6 40. a5 Kc5 41. Ke3 Kc6 42. b4 Kb7 43. b5 Ka7 44. Kxf3 Kb7 45. Kf4 Kc7 46. Kg5 Kb7 47.
Kxg6 Kc7 48. Kxh5 Kb7 49. Kg6 Kc7 50. h5 Kb7 51. h6 Kc7 52. h7 Kb7 53. h8=Q Kc7 54.
Qg7+ Kd6 55. Qd4+ Ke6 56. Qd5+ Ke7 57. Qc6 Kd8 58. Qb7 Ke8 59. a6 Kf8 60. a7 Ke8 61.
a8=Q# 1-0

[Event "Early-Titled-Tuesday-Blitz-January-30-2024"]
[Site "Chess.com"]
[Date "2024.01.30"]
[Round "4"]
[White "Quattroporte300"]
[Black "Chesstiger64"]
[Result "0-1"]
[WhiteElo "2409"]
[BlackElo "2215"]
[TimeControl "180+1"]
[EndTime "8:40:15 PST"]
[Termination "Chesstiger64 won on time"]

1. e4 e6 2. b3 d5 3. Bb2 c5 4. exd5 Qxd5 5. Nf3 Nc6 6. Bc4 Qd7 7. O-O Nf6 8. d4 cxd4 9. Nxd4 Nxd4 10. Qxd4 Qxd4 11. Bxd4 a6 12. a4 Bd7 13. Nc3 Bc6 14. Rfd1 Bb4 15.
Ne2 O-O-O 16. c3 Bd6 17. f3 Rd7 18. b4 Rhd8 19. b5 axb5 20. axb5 Bd5 21. Bb6 Bxc4 22.
Rxd6 Rxd6 23. Ra8+ Kd7 24. Rxd8+ Ke7 25. Rxd6 Kxd6 26.
Nd4 Bxb5 27. Nxb5+ Kc6 28. Bd4 Kxb5 29. g4 Kc4 30. Kf2 b5 31. Be5 Kd5 32. Bc7 Kc4 33. Be5 Kd5 34. Bc7 Nd7 35. Ke3 Kc4 36. Ba5 Ne5 37.
h4 Nc6 38. Bc7 Kxc3 39. h5 b4 40. Ke4 b3 41. Bd6 b2 0-1

[Event "Early-Titled-Tuesday-Blitz-January-30-2024"]
[Site "Chess.com"]
[Date "2024.01.30"]
[Round "4"]
[White "Darkbluelord"]
[Black "Xsu11"]
[Result "0-1"]
[WhiteElo "2120"]
[BlackElo "2337"]
[TimeControl "180+1"]
[EndTime "8:40:16 PST"]
[Termination "Xsu11 won by resignation"]

1. e4 d6 2. d4 Nf6 3. Nc3 g6 4. f4 Bg7 5. Nf3 O-O 6. Bd3 c5 7. e5 dxe5 8. dxe5 Nd5 9. O-O Nxc3 10. bxc3 Nc6 11. Qe2 Bg4 12. h3 Bxf3 13. Qxf3 e6 14.
Be3 Qa5 15. Bd2 Rad8 16. Rfd1 Rd7 17. Be4 Qc7 18. Be3 Rfd8 19. Rxd7 Rxd7 20. g4 Ne7 21. Rb1 b6 22. c4 g5 23. Rf1 gxf4 24. Bxf4 Ng6 25. Bg3 Bxe5 26. Bf2 Bd4 27. c3 Bxf2+ 28. Qxf2 Qe5 29. Bc6 Rc7 30. Bg2 Qxc3 31. h4 Qd4 32.
h5 Qxf2+ 33. Rxf2 Ne5 34. Bf1 Nxg4 35. Rg2 f5 36. Be2 Rg7 37. Bf3 Kf7 38. Bc6 Kf6 39. Rg3 Rg5 40. h6 Rh5 41. Kf1 Rxh6 42. Ke2 Rh2+ 43.
Kd1 Rxa2 44. Rd3 Nf2+ 0-1

[Event "Early-Titled-Tuesday-Blitz-January-30-2024"]
[Site "Chess.com"]
[Date "2024.01.30"]
[Round "4"]
[White "elgrona"]
[Black "whiteglovethief"]
[Result "1-0"]
[WhiteElo "2316"]
[BlackElo "2495"]
[TimeControl "180+1"]
[EndTime "8:40:17 PST"]
[Termination "elgrona won by checkmate"]

1. Nf3 d5 2. b3 Nf6 3. Bb2 e6 4. e3 Be7 5. c4 O-O 6. d4 c6 7. Nbd2 Nbd7 8. Bd3 b6 9. O-O Bb7 10.
Re1 c5 11. cxd5 Nxd5 12. a3 cxd4 13. Nxd4 Nc5 14. Bc2 a5 15. Nc4 Bf6 16. Qb1 g6 17. Rd1 Rb8 18. e4 Nf4 19. Nf5 Qxd1+ 20. Bxd1 Bxe4 21.
Nh6+ Kg7 22. Bxf6+ Kxf6 23. Qb2+ Ke7 24. Ng4 Ncd3 25.
Qf6+ Kd7 26. Nge5+ Kc7 27. Nxd3 Nxd3 28. Qd4 Rfd8 29.
Qxe4 Nc5 30. Qe5+ Kb7 31. Bf3+ Ka7 32. Qc7+ Ka6 33. b4 Nb3 34. b5+ Kxb5 35. Rb1 a4 36.
Qc6+ Ka6 37. Qxa4+ Na5 38. Rxb6+ Rxb6 39. Qxa5# 1-0

[Event "Early-Titled-Tuesday-Blitz-January-30-2024"]
[Site "Chess.com"]
[Date "2024.01.30"]
[Round "4"]
[White "DmitriiZakurdaev"]
[Black "Practical-Play"]
[Result "0-1"]
[WhiteElo "2390"]
[BlackElo "2596"]
[TimeControl "180+1"]
[EndTime "8:40:18 PST"]
[Termination "Practical-Play won by resignation"]

1. d4 Nf6 2. c4 g6 3. Nc3 d5 4.
cxd5 Nxd5 5. e4 Nxc3 6. bxc3 Bg7 7. Nf3 c5 8. Be3 cxd4 9. cxd4 O-O 10. Be2 Qa5+ 11.
Qd2 Qxd2+ 12. Kxd2 Nc6 13. Rhd1 Bg4 14. Ke1 Rfd8 15.
Rab1 Bxf3 16. Bxf3 Bxd4 17. Bxd4 Nxd4 18. Rxb7 Kf8 19.
Be2 a5 20. Rc1 Rac8 21. Rbc7 Rb8 22. Ra7 Rb2 23. Bc4 Nc2+ 24. Kf1 Rd2 25. Rxa5 Nd4 26. Rg5 Rxf2+ 27. Kg1 Rfd2 28. Rf1 f6 29. Rd5 Rxg2+ 0-1

[Event "Early-Titled-Tuesday-Blitz-January-30-2024"]
[Site "Chess.com"]
[Date "2024.01.30"]
[Round "4"]
[White "Bauman_Guy"]
[Black "KhazhatulyAlikhan"]
[Result "1-0"]
[WhiteElo "2875"]
[BlackElo "2404"]
[TimeControl "180+1"]
[EndTime "8:40:19 PST"]
[Termination "Bauman_Guy won on time"]

1. e4 c5 2. Nf3 e6 3. d4 cxd4 4. Nxd4 a6 5. Bd3 Qc7 6. O-O Nf6 7. Qe2 d6 8. c4 Be7 9. Nc3 O-O 10. b3 Nc6 11. Nxc6 Qxc6 12. Bb2 Bd7 13. Kh1 Rfe8 14. f4 e5 15. Nd5 Bd8 16. Nxf6+ Bxf6 17. Rad1 Rad8 18.
Qf3 Qc8 19. Rd2 Bg4 20. Qf2 Bd7 21. Rfd1 Bc6 22. Bc2 Qe6 23. f5 Qc8 24. Rxd6 Rxd6 25. Rxd6 Rd8 26. Qd2 Rxd6 27. Qxd6 Qe8 28. Kg1 h6 29. a4 Kh7 30. a5 Kg8 31. Bc3 Kh7 32. g3 Kg8 33. Kf2 Kh7 34. b4 Kg8 35. Bd3 Kh7 36. Ke2 Kg8 37. Qc5 Kh7 38. b5 axb5 39. cxb5 Bd7 40. a6 bxa6 41. bxa6 Qa8 42. Bxe5 Bxe5 43.
Qxe5 Bc8 44. Qd6 Qa7 45. Qc6 Qg1 46. Qxc8 Qxh2+ 47. Kd1 Qg1+ 48. Kc2 Qf2+ 49. Kb3 Qxg3 50. Qd7 Qb8+ 51. Qb7 1-0

[Event "Early-Titled-Tuesday-Blitz-January-30-2024"]
[Site "Chess.com"]
[Date "2024.01.30"]
[Round "4"]
[White "RobertoJBM"]
[Black "Zhigalko_Sergei"]
[Result "1-0"]
[WhiteElo "2837"]
[BlackElo "2958"]
[TimeControl "180+1"]
[EndTime "8:40:21 PST"]
[Termination "RobertoJBM won on time"]

1. d4 Nf6 2. Nf3 e6 3. e3 b6 4. Bd3 Bb7 5. O-O d5 6. Qe2 Bd6 7. Nbd2 Ne4 8. Ne5 O-O 9. f3 Nxd2 10. Bxd2 f6 11. Ng4 c5 12. c4 f5 13. Ne5 Bxe5 14.
dxe5 Nc6 15. cxd5 Qxd5 16. Bc3 Nxe5 17. Bb5 c4 18. Bxe5 Qxb5 19. Bc3 Rad8 20. Qf2 Rd3 21. Qg3 Qd7 22. Rae1 b5 23. a3 a6 24. h4 h6 25. Qe5 Rf7 26. h5 Qd6 27. Qxd6 Rxd6 28. Kf2 Rd3 29. Kg3 Rfd7 30. Rh1 Kf7 31. Rh4 R7d5 32.
Rd4 R5xd4 33. Bxd4 Rd2 34. Bc3 Rc2 35. Rd1 Bd5 36.
e4 fxe4 37. fxe4 Bxe4 38. Rd7+ Ke8 39. Rxg7 Rxg2+ 40. Kf4 Re2 41. Ke5 Bf3+ 42. Kd6 1-0

[Event "Early-Titled-Tuesday-Blitz-January-30-2024"]
[Site "Chess.com"]
[Date "2024.01.30"]
[Round "4"]
[White "Zurability"]
[Black "MITerryble"]
[Result "0-1"]
[WhiteElo "2779"]
[BlackElo "2987"]
[TimeControl "180+1"]
[EndTime "8:40:21 PST"]
[Termination "MITerryble won by resignation"]

1. d4 e6 2. c4 Bb4+ 3. Bd2 Bxd2+ 4. Qxd2 Nf6 5. Nc3 d6 6. Nf3 Qe7 7. g3 O-O 8. Bg2 e5 9. O-O Re8 10. dxe5 dxe5 11. Nd5 Qd8 12. Rfd1 c6 13. Ne3 Qe7 14. Qc3 a5 15. Rac1 g6 16. h4 Nbd7 17. Nd2 Nc5 18.
Qa3 Be6 19. Nb3 Nxb3 20. Qxb3 a4 21. Qc3 Qc5 22. Rd2 Nd7 23. b4 axb3 24. axb3 Ra3 25. Qb2 Rea8 26. Rcd1 Qe7 27. Bf3 f6 28. Ng4 Kg7 29. Qc3 h5 30. Ne3 Nc5 31. Qb4 Rxb3 0-1

[Event "Early-Titled-Tuesday-Blitz-January-30-2024"]
[Site "Chess.com"]
[Date "2024.01.30"]
[Round "4"]
[White "tacticthunder"]
[Black "FREDERICKtheMATE"]
[Result "1-0"]
[WhiteElo "2799"]
[BlackElo "2569"]
[TimeControl "180+1"]
[EndTime "8:40:21 PST"]
[Termination "tacticthunder won by resignation"]

1. c4 c5 2. Nc3 Nc6 3. Nf3 g6 4. d4 cxd4 5. Nxd4 Bg7 6. Nxc6 bxc6 7. e4 Ba6 8. Be2 Nh6 9. O-O O-O 10. Rb1 f5 11. e5 Ng4 12. Bxg4 fxg4 13. Qxg4 Bxe5 14.
Re1 Qc7 15. g3 Rf5 16. Bh6 Qb6 17. Be3 Qb4 18. Ne4 Qxc4 19. b3 Qf7 20. Red1 d6 21.
Rbc1 Bb7 22. Ng5 Qg7 23. Qb4 e6 24. f4 Bb2 25. Qxd6 Bxc1 26. Qxe6+ Kh8 27. Bd4 Be3+ 28. Qxe3 Rf6 29. Qc3 Rd8 30. Bxf6 Rxd1+ 31. Kf2 Rd2+ 32. Ke1 1-0

[Event "Early-Titled-Tuesday-Blitz-January-30-2024"]
[Site "Chess.com"]
[Date "2024.01.30"]
[Round "4"]
[White "sjoerd893"]
[Black "MBA_CHESS_2021"]
[Result "1-0"]
[WhiteElo "2496"]
[BlackElo "2236"]
[TimeControl "180+1"]
[EndTime "8:40:21 PST"]
[Termination "sjoerd893 won on time"]

1. e4 c5 2. Nf3 Nc6 3. d4 cxd4 4. Nxd4 g6 5. c4 Bg7 6. Be3 Nf6 7. Nc3 O-O 8. Be2 d6 9. Qd2 Ng4 10. Bxg4 Bxg4 11.
O-O Be6 12. b3 a5 13. Rac1 Qd7 14. Rfd1 Rfc8 15. Na4 Ra6 16. Nb6 Rxb6 17. Nxe6 Ra6 18. Nc5 Qe8 19. Nxa6 bxa6 20. Rb1 a4 21. b4 Ne5 22. c5 Nc4 23. Qe2 Na3 24. Rbc1 dxc5 25. bxc5 Nb5 26. Rd3 Qc6 27. Qd1 Bf8 28. Rd8 Rxd8 29.
Qxd8 Kg7 30. Bh6+ Kxh6 31. Qxf8+ Kh5 32. Qxe7 Nd4 33. Qe5+ Kh6 34. Qxd4 Qb5 35. Qe3+ Kg7 36. c6 Qb2 37. Qc3+ Qxc3 38. Rxc3 Kf6 39. c7 Ke5 40. c8=Q Kxe4 41. Qg4+ 1-0

[Event "Early-Titled-Tuesday-Blitz-January-30-2024"]
[Site "Chess.com"]
[Date "2024.01.30"]
[Round "4"]
[White "Matibar"]
[Black "shimastream"]
[Result "0-1"]
[WhiteElo "2797"]
[BlackElo "3027"]
[TimeControl "180+1"]
[EndTime "8:40:22 PST"]
[Termination "shimastream won by resignation"]

1. e4 d5 2. exd5 Qxd5 3. Nc3 Qe5+ 4. Be2 Bg4 5. d4 Bxe2 6. Ngxe2 Qa5 7. O-O Nf6 8. b4 Qh5 9. Bf4 e6 10. Bxc7 Bxb4 11.
Rb1 Nc6 12. a3 Bxc3 13. Nxc3 Qxd1 14. Rfxd1 b6 15. Nb5 O-O 16. c4 Na5 17. d5 Nxc4 18. d6 Nd7 19. a4 h5 20. Rbc1 Na5 21. Nd4 Rfe8 22. f3 f6 23. Kf2 Kf7 24. Nb5 e5 25. Nc3 h4 26. Nd5 Rac8 27. Ne7 Ra8 28. Nd5 g5 29. h3 e4 30. Rc3 exf3 31. Rxf3 Re6 32. Ne7 Nc4 33. Nf5 Rae8 34. Kg1 Re1+ 35. Rxe1 Rxe1+ 36. Kf2 Ra1 37. Nh6+ Ke6 38. Rc3 Ra2+ 39. Kf3 Nde5+ 40. Ke4 Rxa4 41. Nf5 Nxd6+ 0-1

[Event "Early-Titled-Tuesday-Blitz-January-30-2024"]
[Site "Chess.com"]
[Date "2024.01.30"]
[Round "4"]
[White "chipmunknau"]
[Black "Rdeux42"]
[Result "1-0"]
[WhiteElo "2742"]
[BlackElo "2434"]
[TimeControl "180+1"]
[EndTime "8:40:22 PST"]
[Termination "chipmunknau won by resignation"]

1. d4 d5 2. Nf3 e6 3. c4 c6 4.
Nbd2 f5 5. g4 Nd7 6. gxf5 exf5 7. Qc2 Ndf6 8. Rg1 g6 9. Ne5 Ne4 10. e3 Ngf6 11. f3 Nxd2 12. Bxd2 Bd6 13. cxd5 Nxd5 14.
O-O-O Be6 15. e4 Nb4 16. Bxb4 Bxb4 17. Bc4 Qf6 18. Qb3 Bxc4 19. Nxc4 Be7 20. e5 Qf7 21. d5 cxd5 22. Qb5+ Kf8 23. Rxd5 Kg7 24. Kb1 Rhd8 25. Rgd1 Rxd5 26. Rxd5 Rd8 27. Rxd8 Bxd8 28. Nd6 Qe6 29. Qxb7+ Qe7 30. Qc8 Bb6 31. f4 Be3 32. Qc4 g5 33. Nxf5+ 1-0